 Dungeon Crawl Stone Soup version 0.29-a0-821-g66395355a5 (webtiles) character file.

Game seed: 2803070809837612773

429975 buhh the Black Belt (level 23, -19/171 HPs)
             Began as an Octopode Transmuter on July 7, 2022.
             Was the Champion of Cheibriados.
             Demolished by a titan (21 damage)
             ... while paralysed by a floating eye
             ... on level 5 of the Vaults.
             The game lasted 02:17:07 (64921 turns).

buhh the Black Belt (Octopode Transmuter)          Turns: 64921, Time: 02:17:07

Health: -19/171    AC: 22    Str: 24    XL:     23   Next: 89%
Magic:  52/55      EV:  2    Int: 43    God:    Cheibriados [******]
Gold:   888        SH:  0    Dex: 45    Spells: 15/42 levels left

rFire   + . .      SeeInvis +     - Unarmed
rCold   + . .      Faith    .   (shield currently unavailable)
rNeg    . . .      Spirit   .   (helmet currently unavailable)
rPois   ∞          Reflect  .   p - amulet "Sysmiakk" {RegenMP Harm Int+3 SInv}
rElec   +          Harm     +   f - ring of protection from cold
rCorr   .          Rampage  .   Z - ring of Ascent {Dex+6 SInv Stlth+}
Will    +++..                   V - ring of willpower
Stlth   ++++++++..              o - ring of magical power
HPRegen 0.38/turn               l - ring of protection from fire
MPRegen 0.74/turn               A - +6 ring of dexterity
                                S - ring of willpower
                                W - ring "Balur" {*Slow rElec MP+9 Dex+4 Stlth+}

@: paralysed, storm-form, flying, very slow
A: cleaving, insubstantial, flying, almost no armour, amphibious, 8 rings,
(camouflage 1), (gelatinous body 1), (nimble swimmer 1), (tentacles)
}: 2/15 runes: decaying, gossamer
a: Blinkbolt, End Transformation, Renounce Religion, Bend Time, Temporal
Distortion, Slouch, Step From Time


You were on level 5 of the Vaults.
You worshipped Cheibriados.
Cheibriados was exalted by your worship.
You were a lightning-filled tempest!
You visited 9 branches of the dungeon, and saw 44 of its levels.
You visited 1 bazaar.
You also visited: Wizlab.

You collected 4735 gold pieces.
You spent 3847 gold pieces at shops.

Inventory:

Armour
 q - a +2 hat (melded)
 T - a +3 buckler of fire resistance (melded)
Magical Staves
 v - a staff of air (melded)
Jewellery
 f - a ring of protection from cold (left fist)
 k - an amulet of the acrobat
 l - a ring of protection from fire (on tentacle)
 o - a ring of magical power (on tentacle)
 p - the amulet "Sysmiakk" (around neck) {RegenMP Harm Int+3 SInv}
   (You took it off a deep elf master archer on level 3 of the Elven Halls)

   [amulet of magic regeneration]

   It increases your rate of magic regeneration.
   Int:       It affects your intelligence (+3).
   SInv:      It lets you see invisible.
   Harm:      It increases damage dealt and taken.
 A - a +6 ring of dexterity (on tentacle)
 L - an amulet of guardian spirit
 N - a ring of protection from fire
 S - a ring of willpower (on tentacle)
 V - a ring of willpower (on tentacle)
 W - the ring "Balur" (on tentacle) {*Slow rElec MP+9 Dex+4 Stlth+}
   (You found it on level 3 of the Elven Halls)

   [ring of magical power]

   Dex:       It affects your dexterity (+4).
   rElec:     It insulates you from electricity.
   MP:        It affects your magic capacity (+9).
   *Slow:     It may slow you when you take damage.
   Stlth:     It makes you more stealthy.
 Z - the ring of Ascent (right fist) {Dex+6 SInv Stlth+}
   (You bought it in a shop on level 1 of the Elven Halls)

   [ring of dexterity]

   Dex:       It affects your dexterity (+6).
   SInv:      It lets you see invisible.
   Stlth:     It makes you more stealthy.
Wands
 t - a wand of roots (53)
 y - a wand of flame (32)
 z - a wand of digging (3)
 M - a wand of charming (15)
 P - a wand of mindburst (14)
 R - a wand of light (6)
Scrolls
 e - 9 scrolls of noise
 h - 29 scrolls of teleportation {!d}
 m - 6 scrolls of fog
 w - 5 scrolls of amnesia
 D - 28 scrolls of identify {!d}
 F - 6 scrolls of blinking {!d}
 G - 7 scrolls of vulnerability
 H - 7 scrolls of magic mapping {!r!d}
 J - a scroll of torment
 U - 7 scrolls of fear {!r}
 Y - 7 scrolls of poison
Potions
 a - 15 potions of attraction
 c - 2 potions of brilliance {!q!d}
 d - 8 potions of resistance {!q!d}
 g - 4 potions of degeneration
 i - 6 potions of cancellation {!q!d}
 j - 2 potions of heal wounds {!q!d}
 n - a potion of berserk rage {!q}
 r - 6 potions of flight
 s - 10 potions of might
 u - 9 potions of invisibility {!q!d}
 x - 15 potions of curing {!q!d}
 B - 7 potions of lignification {!d}
 E - 7 potions of mutation {!d}
 I - 6 potions of ambrosia {!q!d}
 Q - 5 potions of magic {!q!d}
 X - 5 potions of haste {!q!d}
Miscellaneous
 b - a phial of floods
 C - a phantom mirror
 K - a box of beasts
 O - a condenser vane


   Skills:
 * Level 18.0 Fighting
 * Level 18.0 Dodging
 - Level 9.0 Stealth
 - Level 6.0 Shields
 * Level 18.0 Unarmed Combat
 - Level 10.0 Spellcasting
 * Level 10.7 Translocations
 - Level 15.0 Transmutations
 - Level 5.0 Ice Magic
 * Level 14.0 Air Magic
 - Level 9.0 Earth Magic
 - Level 2.0 Poison Magic
 - Level 13.0 Invocations


You had 15 spell levels left.
You knew the following spells:

 Your Spells              Type           Power      Damage    Failure   Level
a - Statue Form           Tmut/Erth      60%        N/A       1%          6
b - Wereblood             Tmut           100%       N/A       0%          2
c - Storm Form            Tmut/Air       49%        N/A       3%          7
d - Manifold Assault      Tloc           85%        N/A       1%          5
e - Irradiate             Conj/Tmut      36%        3d25      1%          5
f - Blink                 Tloc           100%       N/A       1%          2

Your spell library contained the following spells:

 Spells                   Type           Power      Damage    Failure   Level
 Beastly Appendage        Tmut           100%       N/A       0%          1
 Passwall                 Tmut/Erth      75%        N/A       0%          2
 Swiftness                Air            97%        N/A       0%          3
 Magic Dart               Conj           84%        1d7       1%          1
 Sandblast                Erth           100%       2d20      1%          1
 Shock                    Conj/Air       100%       1d9       1%          1
 Slow                     Hex            84%        N/A       1%          1
 Poisonous Vapours        Pois/Air       100%       N/A       1%          2
 Static Discharge         Conj/Air       69%        3-12/arc  1%          2
 Frozen Ramparts          Ice            100%       1d12      1%          3
 Gell's Gravitas          Tloc           85%        N/A       1%          3
 Ignite Poison            Fire/Tmut/Pois 63%        N/A       1%          3
 Lesser Beckoning         Tloc           85%        N/A       1%          3
 Mephitic Cloud           Conj/Pois/Air  61%        N/A       1%          3
 Ozocubu's Armour         Ice            59%        N/A       1%          3
 Portal Projectile        Hex/Tloc       100%       N/A       1%          3
 Spider Form              Tmut/Pois      76%        N/A       1%          3
 Stone Arrow              Conj/Erth      100%       3d13      1%          3
 Teleport Other           Tloc           85%        N/A       1%          3
 Airstrike                Air            48%        0-15+     1%          4
 Ice Form                 Ice/Tmut       82%        N/A       1%          4
 Passage of Golubria      Tloc           85%        N/A       1%          4
 Petrify                  Tmut/Erth      90%        N/A       1%          4
 Lee's Rapid Deconstruct  Erth           39%        3d20*     1%          5
 Yara's Violent Unravell  Hex/Tmut       36%        3d15      1%          5
 Sublimation of Blood     Necr           21%        N/A       2%          2
 Leda's Liquefaction      Hex/Erth       28%        N/A       2%          4
 Silence                  Hex/Air        34%        N/A       2%          5
 Dispersal                Tloc           42%        N/A       2%          6
 Dragon Form              Tmut           50%        N/A       2%          7
 Freezing Cloud           Conj/Ice/Air   33%        6-21      3%          5
 Call Canine Familiar     Summ           21%        N/A       4%          3
 Confusing Touch          Hex            21%        N/A       4%          3
 Conjure Flame            Conj/Fire      21%        6-21      4%          3
 Dazzling Flash           Conj/Hex       42%        N/A       4%          3
 Inner Flame              Hex/Fire       21%        N/A       4%          3
 Summon Guardian Golem    Hex/Summ       21%        N/A       4%          3
 Tukima's Dance           Hex            21%        N/A       4%          3
 Vampiric Draining        Necr           21%        2d7       4%          3
 Hailstorm                Conj/Ice       43%        3d10      4%          4
 Summon Ice Beast         Ice/Summ       43%        N/A       4%          4
 Summon Forest            Summ/Tloc      30%        N/A       4%          5
 Borgnjor's Vile Clutch   Necr/Erth      28%        N/A       6%          5
 Eringya's Noxious Bog    Tmut/Pois      38%        N/A       7%          6
 Animate Dead             Necr           21%        N/A       14%         4
 Cause Fear               Hex            10%        N/A       14%         4
 Dispel Undead            Necr           21%        3d11      14%         4
 Sticky Flame             Conj/Fire      21%        2d4       14%         4
 Metabolic Englaciation   Hex/Ice        21%        N/A       14%         5
 Agony                    Necr           21%        N/A       36%         5
 Simulacrum               Ice/Necr       21%        N/A       61%         6
 Disjunction              Tloc           42%        N/A       75%         8
 Death Channel            Necr           10%        N/A       91%         6
 Enfeeble                 Hex            10%        N/A       100%        7
 Orb of Destruction       Conj           10%        9d6       100%        7
 Spellforged Servitor     Conj/Summ      10%        N/A       100%        7
 Summon Hydra             Summ           10%        N/A       100%        7
 Dragon's Call            Summ           10%        N/A       100%        9


Dungeon Overview and Level Annotations

Branches:
Dungeon (15/15) Zot: 36778  Temple (1/1) D:4 Zot: 8750    Lair (6/6) D:10 Zot: 35664
  Swamp (4/4) Lair:4 Zot: 28695  Spider (4/4) Lair:3 Zot: 26581   Slime (0/5) Lair:6
    Orc (2/2) D:9 Zot: 12402     Elf (3/3) Orc:2 Zot: 18413  Vaults (4/5) D:14 Zot: 32711
  Crypt (0/3) Vaults:2     Depths (4/4) D:15 Zot: 30224  WizLab (visited)
    Zot: Depths:4

Altars:
Ashenzari
Cheibriados
Fedhas
Gozag
Hepliaklqana
Kikubaaqudgha
Makhleb
Okawaru
Qazlal
Ru
Sif Muna
Trog
Uskayaw
Wu Jian
Xom
Yredelemnul
Zin
The Shining One
Jiyva

Shops:
D:2 (   D:13 *   Orc:2 ([*:   Elf:1 :=:=   Elf:2 =:   Elf:3 :[   Vaults:4 *

Portals:
Hell: Depths:1 Depths:2 Depths:3
Pandemonium: Depths:2 Depths:4
Ziggurat: Depths:4
Trove: D:13 (give 16 scrolls of teleportation)

Annotations:
D:2 1 exclusion
D:8 Maggie
D:11 3 runed translucent doors, EyeSee2020's ghost, journeyman HOFi
D:12 exclusions: cyclops, 2 skeletal warriors and 1 more exclusion, Frances
Lair:4 4 transporters, gobodom's ghost, journeyman DsFE
Lair:5 exclusion: oklob plant
Lair:6 exclusion: 3 oklob plants
Elf:2 3 runed translucent doors


Innate Abilities, Weirdness & Mutations

You are a lightning-filled tempest!
Your electrical attacks strike out in all directions at once.
You are incredibly evasive.
Your insubstantial body is immune to petrification, constriction, and being set on fire You are flying.
You are immune to poison.
Your armour is entirely melded.
You are incapable of wielding weapons or throwing items.
You cannot wear most types of armour.
You are amphibious.
You can wear up to eight rings at the same time.
((Your skin changes colour to match your surroundings (Stealth+).))
((Your rubbery body absorbs attacks. (AC +1, EV +1)))
((You are camouflaged when in or above water. (Stealth+)))
((You have tentacles for arms and can constrict up to eight enemies at once.))


Message History

The vault sentinel blows a loud note on a signal horn! x2
The vault warden completely misses you. x2
The stone giant completely misses you.
The floating eye's stare focuses on you.
The vault sentinel shouts!
The yaktaur captain shouts!
You hear a shout! x4
You hear an angry hiss.
You hear a shout!
There is a sealed passage leading up, summoned here.
You blast the titan!!!!
The titan is almost dead.
You hit the vault warden.
You blast the vault guard!!!
You kill the vault guard!
Cheibriados thoroughly appreciates the change of pace.
You buffet the stone giant!
You blast the vault warden!!!
You kill the vault warden!
Cheibriados appreciates the change of pace.
You hear a shout!
The stone giant misses you.
The yaktaur captain wields a +0 arbalest.
The yaktaur captain shoots a bolt.
The bolt hits you!!!
The vault sentinel gestures at you while chanting.
You easily resist.
The vault sentinel blows a loud note on a signal horn!
The titan waves its arms in wide circles.
The air twists around and strikes you! The vault warden completely misses you.
The vault sentinel blows a loud note on a signal horn!
A vault warden comes into view. It is wielding a +0 battleaxe.
The yaktaur captain wields a +0 arbalest.
The yaktaur captain shoots a bolt.
The bolt hits you!!
A tentacled monstrosity comes into view.
The floating eye gazes piercingly through you!
You suddenly lose the ability to move!
You hear a shout! x5
The war gargoyle launches metal splinters at you.
The spray of metal splinters hits you!!!
* * * LOW HITPOINT WARNING * * *
The stone giant hits you!!
* * * LOW HITPOINT WARNING * * *
A vault warden comes into view.
It is wielding a +0 great mace of holy wrath.
The titan hits you!!
You die...

.(...#p...# ##
W...#....#(.X
...#....#p##
p........c.
#####GC..c[))##
......[..9.....
.....pC)<<.....
......pv)o<[[..
..C[...C<<.....
#####.[p[....##
.....[[....#
[[.[#..[.#[.#
p.:...#..[^# ..
......#....# .
......#....#


You could see a tentacled monstrosity, 2 titans, a stone giant, 4 vault wardens,
2 yaktaur captains, an orc knight, an ettin, a war gargoyle (catching breath), 3
vault sentinels, a phantasmal warrior and a floating eye.

Vanquished Creatures
  Mara (Spider:3)
  2 ancient liches
  Sojobo (Depths:1)
  Parghit (Depths:4)
  6 caustic shrikes
  3 golden dragons
  Arachne (Spider:4)
  Rupert (Lair:5)
  Zenata (Vaults:3)
  2 liches
  The ghost of Pooter the Severer, an adept MiMo of Okawaru (Elf:3)
  A quicksilver dragon (Vaults:5)
  2 walking divine tomes
  2 titans
  A walking earthen tome (Depths:3)
  2 deep elf master archers (Elf:3)
  2 deep elf blademasters (Elf:3)
  Agnes (Spider:4)
  3 shadow dragons
  Kirke (D:14)
  4 sphinxes
  3 deep elf sorcerers (Elf:3)
  Roxanne (Spider:1)
  8 frost giants
  2 fenstrider witches
  4 tengu reavers
  2 azure jellies (Swamp:4)
  4 fire giants
  An iron dragon (Depths:4)
  13 vault wardens
  Louise (Elf:3)
  9 emperor scorpions
  2 orc warlords
  3 ghost moths
  10 ironbound preservers
  5 deep elf elementalists (Elf:3)
  3 war gargoyles
  5 spriggan defenders
  11 stone giants
  11 very ugly things
  2 vampire knights (Depths:2)
  6 deep elf demonologists (Elf:3)
  7 ironbound thunderhulks
  3 eleionomae
  4 bunyips
  6 deep elf annihilators
  7 dire elephants
  4 entropy weavers
  21 spark wasps
  10 deep elf death magi
  A fire dragon (Depths:2)
  9 ettins
  A crystal guardian (Vaults:1)
  A shambling mangrove (Swamp:4)
  5 great orbs of eyes
  4 yaktaur captains
  3 rakshasas
  3 deep elf high priests (Elf:3)
  Erolcha (Orc:1)
  6 hydras
  2 peacekeepers
  A spriggan air mage (Depths:2)
  10 ice dragons
  5 boulder beetles
  2 ghost crabs
  33 vault guards
  5 two-headed ogres
  A death knight (D:14)
  3 jorogumos
  A two-headed ogre (shapeshifter) (Lair:6)
  5 radroaches
  24 centaur warriors
  6 ironbound frosthearts
  2 catoblepae
  An anaconda (shapeshifter) (Vaults:5)
  11 deep troll shamans
  9 alligators
  23 dancing weapons
  5 deep troll earth magi
  2 tengu warriors
  A death scarab (Spider:4)
  5 spriggan berserkers
  13 death yaks
  8 orc high priests
  12 deep elf knights
  9 hell knights
  6 iron trolls
  4 skeletal warriors
  A fire crab (Lair:6)
  5 pharaoh ants
  4 sun moths
  4 steelbarb worms
  15 orb spiders
  36 deep trolls
  A spriggan druid (Swamp:3)
  A salamander mystic (Depths:2)
  6 goliath frogs
  2 bog bodies
  2 orange crystal statues
  17 deep elf archers
  4 swamp dragons
  4 glowing orange brains
  2 phantasmal warriors
  A tengu zombie (Vaults:4)
  6 wizards
  8 ironbound convokers
  8 necromancers
  9 orc knights
  A large abomination (Lair:6)
  11 lindwurms
  29 deep elf pyromancers
  4 harpies (Vaults:2)
  16 deep elf zephyrmancers
  2 manticores
  8 orc sorcerers
  26 wolf spiders
  3 will-o-the-wisps
  25 ugly things
  3 salamanders (Depths:2)
  A human zombie (Vaults:4)
  6 cyclopes
  A salamander (shapeshifter) (Elf:2)
  5 black mambas
  14 elephants
  A smoke demon (Lair:6)
  An eye of devastation (shapeshifter) (Depths:1)
  4 moths of wrath
  6 torpor snails
  19 vault sentinels
  A rime drake (Lair:2)
  9 cane toads
  8 demonic crawlers
  8 freezing wraiths
  7 kobold demonologists
  22 yaktaurs
  3 tengu conjurers
  10 komodo dragons
  An efreet (D:15)
  2 polar bears
  A tengu simulacrum (Vaults:3)
  9 meliai
  7 trolls
  A yaktaur skeleton (Vaults:4)
  5 tyrant leeches
  26 blink frogs
  19 hornets
  A tarantella (shapeshifter) (D:15)
  Prince Ribbit (D:5)
  35 tarantellas
  Grinder (D:5)
  26 slime creatures
  A snapping turtle (shapeshifter) (Depths:2)
  32 jumping spiders
  Sigmund (D:6)
  4 air elementals (Elf:3)
  21 culicivoras
  11 spriggans
  2 shadows
  A vampire (D:12)
  6 wyverns
  A ynoxinul (Lair:6)
  5 wraiths
  4 water elementals
  74 yaks
  A chaos spawn (Lair:6)
  2 fire elementals
  16 humans (D:14)
  61 redbacks
  5 basilisks
  2 vampire mosquitoes (D:13)
  4 hogs
  5 swamp worm simulacra (Swamp:4)
  3 steam dragons
  5 wargs
  13 swamp worms
  Edmund (D:5)
  15 water moccasins
  4 acid dragons
  12 hydra simulacra (Swamp:4)
  A floating eye (Depths:2)
  Duvessa (D:4)
  47 orc warriors
  A swamp drake (Swamp:4)
  An ice beast (D:5)
  2 sky beasts
  A black bear (Lair:1)
  A tengu (shapeshifter) (Elf:2)
  8 centaurs
  9 ogres
  A boggart (shapeshifter) (Vaults:2)
  18 wolves
  10 small abominations (Lair:6)
  3 kobold brigands
  16 bullfrogs
  A glowing shapeshifter simulacrum (Vaults:3)
  A human simulacrum (Vaults:3)
  3 wights (D:8)
  2 earth elementals
  2 scorpions
  Dowan (D:4)
  4 killer bees
  9 howler monkeys
  2 electric eels
  8 crimson imps (D:9)
  A jelly (D:6)
  2 hounds (D:7)
  27 orc priests
  4 gnoll boudas
  10 iguanas
  Ijyb (D:5)
  31 orc wizards
  7 hell rats (Lair:6)
  A boggart simulacrum (D:13)
  5 gnolls (D:8)
  11 adders
  A shadow imp (D:7)
  4 white imps
  3 swamp drake simulacra (Swamp:4)
  2 worms (D:3)
  A dart slug (D:2)
  89 orcs
  7 bats
  6 endoplasms
  2 giant cockroaches
  6 goblins
  2 hobgoblins
  17 kobolds
  6 quokkas
  7 ball pythons
  A frilled lizard (D:1)
  4 rats
  7 foxfires (Swamp:2)
1705 creatures vanquished.

Vanquished Creatures (collateral kills)
  An orc priest (Orc:1)
  2 orcs (Orc:1)
3 creatures vanquished.

Vanquished Creatures (others)
  A deep elf archer (Elf:2)
  A wizard (D:9)
  A deep elf pyromancer (Elf:2)
  3 bloated husks (Swamp:4)
  A fire elemental (Elf:2)
  A redback (Spider:1)
  A swamp worm (Swamp:4)
  3 foxfires
  50 fungi
  63 plants
125 creatures vanquished.

Grand Total: 1833 creatures vanquished

Notes
Turn   | Place    | Note
-------+----------+-------------------------------------------
     0 | D:1      | buhh the Octopode Transmuter began the quest for the Orb.
     0 | D:1      | Reached XP level 1. HP: 13/13 MP: 3/3
   570 | D:1      | Reached XP level 2. HP: 18/18 MP: 3/5
   824 | D:1      | Learned a level 2 spell: Wereblood
  1650 | D:2      | Reached XP level 3. HP: 23/23 MP: 4/6
  1758 | D:2      | Found Viebiack's Weapon Emporium.
  2227 | D:3      | Found a faded altar of an unknown god.
  2302 | D:3      | Found an opulent altar of Gozag.
  2327 | D:3      | Reached XP level 4. HP: 24/28 MP: 5/7
  2462 | D:3      | Reached XP level 5. HP: 34/34 MP: 5/8
  3028 | D:4      | Noticed Duvessa
  3033 | D:4      | Noticed Dowan
  3059 | D:4      | Noticed a +0 hand axe
  3059 | D:4      | Noticed a +0 hand axe
  3062 | D:4      | Found a hide-covered altar of Uskayaw.
  3090 | D:4      | Learned a level 3 spell: Spider Form
  3314 | D:4      | Noticed a hornet
  3484 | D:4      | Identified the +8 dagger "Koiroa" {flame, rF+ rC+++ Stlth-}
  3537 | D:4      | Reached XP level 6. HP: 38/41 MP: 7/9
  3543 | D:4      | Found a staircase to the Ecumenical Temple.
  3549 | Temple   | Entered the Ecumenical Temple
  3704 | Temple   | Became a worshipper of Cheibriados the Contemplative
  3782 | D:5      | Entered Level 5 of the Dungeon
  3786 | D:5      | Noticed Ijyb
  3965 | D:5      | Reached skill level 5 in Unarmed Combat
  4183 | D:5      | Noticed Grinder
  4195 | D:4      | Reached XP level 7. HP: 40/46 MP: 5/10
  4326 | D:5      | Killed Grinder
  5243 | D:5      | Reached XP level 8. HP: 54/54 MP: 5/11
  5559 | D:6      | Reached * piety under Cheibriados
  5898 | D:6      | Noticed Sigmund
  6016 | D:6      | Reached skill level 5 in Dodging
  6748 | D:7      | Found a shimmering blue altar of Sif Muna.
  6814 | D:8      | Noticed Maggie
  7023 | D:8      | Noticed a cyclops
  7205 | D:9      | Reached skill level 5 in Fighting
  7236 | D:9      | Noticed a hornet
  7246 | D:9      | Learned a level 4 spell: Ice Form
  7309 | D:9      | Found a basalt altar of Yredelemnul.
  7352 | D:9      | Found a staircase to the Orcish Mines.
  7437 | D:9      | Reached skill level 8 in Unarmed Combat
  7437 | D:9      | Reached XP level 9. HP: 39/61 MP: 8/12
  7734 | D:9      | Found a glowing silver altar of Zin.
  7822 | D:9      | Reached ** piety under Cheibriados
  7836 | D:9      | Noticed a two-headed ogre
  7840 | D:9      | Killed a two-headed ogre
  8722 | D:7      | Reached *** piety under Cheibriados
  8800 | D:7      | Reached XP level 10. HP: 69/69 MP: 12/13
  9052 | D:6      | Killed Sigmund
  9053 | D:6      | Reached skill level 5 in Transmutations
  9292 | D:6      | Found a broken altar of Ashenzari.
  9461 | D:5      | Killed Ijyb
  9538 | D:5      | Noticed Edmund
  9582 | D:4      | Found an iron altar of Okawaru.
 10089 | D:4      | Killed Duvessa
 10105 | D:4      | Killed Dowan
 10281 | D:5      | Noticed Prince Ribbit
 10297 | D:5      | Killed Edmund
 10493 | D:5      | Killed Prince Ribbit
 10494 | D:5      | Reached skill level 8 in Dodging
 10494 | D:5      | Reached skill level 5 in Ice Magic
 10656 | D:7      | Reached **** piety under Cheibriados
 10657 | D:7      | Reached skill level 8 in Fighting
 11409 | D:8      | Killed a cyclops
 12100 | D:9      | Reached XP level 11. HP: 78/78 MP: 14/14
 12491 | D:9      | Reached skill level 5 in Invocations
 13077 | D:9      | Found a bloodstained altar of Trog.
 13079 | D:9      | Noticed a wizard
 13083 | D:9      | Killed a wizard
 13326 | D:10     | Entered Level 10 of the Dungeon
 13371 | D:10     | Reached ***** piety under Cheibriados
 13648 | D:10     | Noticed a two-headed ogre
 13659 | D:10     | Killed a two-headed ogre
 13810 | D:10     | Found a staircase to the Lair.
 14374 | D:11     | Noticed a boulder beetle
 14427 | D:11     | Noticed a cyclops
 14432 | D:11     | Killed a cyclops
 14534 | D:11     | Found a runed translucent gate.
 14535 | D:11     | Found a runed translucent gate.
 14536 | D:11     | Found a runed translucent gate.
 14537 | D:11     | Noticed EyeSee2020's ghost (journeyman HOFi)
 14538 | D:11     | Noticed an 11-headed hydra
 14538 | D:11     | Noticed a 12-headed hydra
 14646 | D:11     | Noticed a manticore
 14781 | D:11     | Killed a boulder beetle
 14852 | D:11     | Killed a manticore
 15117 | Lair:1   | Entered Level 1 of the Lair of Beasts
 15449 | Lair:1   | Reached XP level 12. HP: 86/86 MP: 17/17
 15458 | Lair:1   | Reached skill level 8 in Invocations
 16888 | Lair:2   | Noticed a catoblepas
 17014 | Lair:2   | Killed a catoblepas
 17413 | Lair:2   | Reached skill level 10 in Dodging
 17417 | Lair:2   | Reached skill level 10 in Fighting
 17417 | Lair:2   | Reached skill level 10 in Unarmed Combat
 18510 | Lair:3   | Reached skill level 10 in Invocations
 18792 | Lair:3   | Reached ****** piety under Cheibriados
 19210 | Lair:3   | Found a hole to the Spider Nest.
 19465 | Lair:3   | Reached XP level 13. HP: 93/93 MP: 20/20
 19590 | Lair:4   | Found a transporter.
 19615 | Lair:4   | Found a staircase to the Swamp.
 20868 | Lair:4   | Found a transporter.
 20868 | Lair:4   | Noticed gobodom's ghost (journeyman DsFE)
 20887 | Lair:4   | Found a transporter.
 21243 | Lair:4   | Found a transporter.
 21289 | Lair:4   | Identified the +3 sling of the Screaming Genius {freeze,
                  | rPois rF+ Str+3 Int-2}
 21700 | Lair:5   | Noticed Rupert
 21742 | Lair:5   | Identified the +0 plate armour "Cecad" {*Slow Int+4 Dex+2}
 21829 | Lair:5   | Killed Rupert
 22425 | Lair:5   | Reached XP level 14. HP: 101/101 MP: 23/23
 23225 | Lair:6   | Entered Level 6 of the Lair of Beasts
 23237 | Lair:6   | Found a staircase to the Slime Pits.
 23237 | Lair:6   | Found a viscous altar of Jiyva.
 23564 | Lair:6   | Identified the +2 pair of gloves of the True Pharaoh
                  | {Rampage Str+4 Dex+5}
 26049 | Orc:1    | Entered Level 1 of the Orcish Mines
 26084 | Orc:1    | Noticed Erolcha
 26090 | Orc:1    | Reached XP level 15. HP: 110/110 MP: 20/24
 26116 | Orc:1    | Killed Erolcha
 26904 | Orc:2    | Entered Level 2 of the Orcish Mines
 26932 | Orc:2    | Noticed an orc warlord
 26949 | Orc:2    | Killed an orc warlord
 26971 | Orc:2    | Reached skill level 8 in Transmutations
 28440 | Orc:1    | Learned a level 5 spell: Irradiate
 29143 | Orc:2    | Reached skill level 10 in Transmutations
 29205 | Orc:2    | Found Seath's General Store.
 29206 | Orc:2    | Found Wosch's Book Shoppe.
 29208 | Orc:2    | Found Jiciupp's Antique Armour Emporium.
 29208 | Orc:2    | Found Fycum's Antique Weapon Emporium.
 29215 | Orc:2    | Bought a book of Sloth for 648 gold pieces
 29215 | Orc:2    | Bought an Inescapable Atlas for 612 gold pieces
 29217 | Orc:2    | Bought a scroll of identify for 32 gold pieces
 29217 | Orc:2    | Bought a scroll of identify for 32 gold pieces
 29217 | Orc:2    | Bought a scroll of identify for 32 gold pieces
 29217 | Orc:2    | Bought a scroll of identify for 32 gold pieces
 29584 | Orc:2    | Found a gateway to a bazaar.
 29603 | Orc:2    | Found a staircase to the Elven Halls.
 29880 | Bazaar   | Entered a bazaar
 29898 | Bazaar   | Found Gam Asit's Armour Shoppe.
 29915 | Bazaar   | Found Besed's General Store.
 29915 | Bazaar   | Found Tioniup's Distillery.
 29937 | Bazaar   | Found Muypn's General Store.
 29942 | Bazaar   | Bought a scroll of teleportation for 24 gold pieces
 29942 | Bazaar   | Bought a potion of heal wounds for 40 gold pieces
 29942 | Bazaar   | Bought a potion of magic for 64 gold pieces
 29954 | Bazaar   | Found Vairaem's Weapon Emporium.
 29954 | Bazaar   | Found Yhor's Magic Scroll Shoppe.
 30024 | Bazaar   | Bought a potion of mutation for 88 gold pieces
 30024 | Bazaar   | Bought a potion of mutation for 88 gold pieces
 30024 | Bazaar   | Bought a potion of heal wounds for 55 gold pieces
 30024 | Bazaar   | Bought a potion of brilliance for 44 gold pieces
 30030 | Bazaar   | Bought a ring of willpower for 175 gold pieces
 30030 | Bazaar   | Bought a potion of mutation for 56 gold pieces
 30703 | D:12     | Noticed Frances
 31264 | D:13     | Reached skill level 5 in Earth Magic
 31289 | D:13     | Found Napsien's General Store.
 31298 | D:13     | Bought a potion of might for 40 gold pieces
 31529 | D:13     | Found a portal to a secret trove of treasure.
 31844 | D:14     | Noticed Kirke
 31918 | D:12     | Learned a level 6 spell: Statue Form
 32197 | Swamp:1  | Entered Level 1 of the Swamp
 32265 | Swamp:1  | Noticed a fenstrider witch
 32835 | D:14     | Found a gate to the Vaults.
 32840 | D:14     | Reached skill level 8 in Earth Magic
 32840 | D:14     | Reached XP level 16. HP: 117/117 MP: 16/25
 32863 | D:14     | Noticed a sphinx
 32865 | D:14     | Killed Kirke
 33643 | D:15     | Entered Level 15 of the Dungeon
 33754 | D:15     | Found a basalt altar of Yredelemnul.
 33951 | D:15     | Found a staircase to the Depths.
 34865 | Spider:1 | Entered Level 1 of the Spider Nest
 35978 | Swamp:2  | Identified the +9 mace "Baasheank" {venom, Stlth+}
 36942 | Swamp:4  | Entered Level 4 of the Swamp
 36958 | Swamp:3  | Reached XP level 17. HP: 122/122 MP: 26/26
 37258 | Swamp:4  | Reached skill level 5 in Air Magic
 38691 | Swamp:4  | Got a decaying rune of Zot
 39302 | Spider:1 | Identified Roxanne's Octavo of Earth
 39302 | Spider:1 | Noticed Roxanne
 39350 | Spider:1 | Reached skill level 15 in Transmutations
 39577 | Spider:1 | Reached skill level 8 in Air Magic
 39814 | Spider:1 | Killed Roxanne
 41075 | Spider:2 | Reached skill level 5 in Translocations
 41075 | Spider:2 | Reached XP level 18. HP: 128/128 MP: 18/27
 41248 | Spider:2 | Identified the +1 lajatang of the Keeping Messenger {holy,
                  | *Rage rF+ Int+4}
 41451 | Spider:2 | Got the Grimoire of the Terrestrial Zephyr
 41742 | Spider:3 | Reached skill level 10 in Air Magic
 41776 | Spider:3 | Learned a level 7 spell: Storm Form
 43408 | Spider:4 | Entered Level 4 of the Spider Nest
 43421 | Spider:4 | Noticed Agnes
 43934 | Spider:4 | Killed Agnes
 44200 | Spider:4 | Noticed Mara
 44251 | Spider:3 | Noticed buhh's illusion
 44252 | Spider:3 | Killed Mara
 44253 | Spider:3 | Reached skill level 8 in Translocations
 44395 | Spider:4 | Noticed Arachne
 44464 | Spider:4 | Killed Arachne
 45666 | Spider:4 | Got a gossamer rune of Zot
 46119 | Vaults:1 | Entered Level 1 of the Vaults
 46210 | Vaults:1 | Reached XP level 19. HP: 125/134 MP: 28/28
 46369 | Vaults:1 | Reached skill level 5 in Spellcasting
 46562 | Vaults:1 | Reached skill level 10 in Translocations
 46568 | Vaults:1 | You are sucked into a shaft and drop 1 floor!
 46577 | Vaults:2 | HP: 6/134 [yaktaur/bolt[a vault warden] (24)]
 46988 | Vaults:2 | Found a staircase to the Crypt.
 49685 | Vaults:3 | Reached XP level 20. HP: 142/142 MP: 29/29
 49845 | Vaults:3 | Noticed Zenata
 49858 | Vaults:3 | Killed Zenata
 49862 | Vaults:3 | Reached skill level 5 in Shields
 51207 | Vaults:4 | Found Taptouj's General Store.
 51216 | Vaults:4 | Bought a potion of magic for 160 gold pieces
 51764 | Vaults:3 | Learned a level 5 spell: Manifold Assault
 53145 | Vaults:2 | Identified the +7 flail of Painful Death {vorpal, rPois}
 53762 | Elf:1    | Entered Level 1 of the Elven Halls
 54131 | Elf:1    | Found Durekkom's Book Shoppe.
 54305 | Elf:1    | Reached skill level 15 in Unarmed Combat
 54377 | Elf:1    | Reached skill level 15 in Fighting
 54377 | Elf:1    | Reached skill level 15 in Dodging
 54805 | Elf:1    | Found Ylihup's Jewellery Shoppe.
 54806 | Elf:1    | Found Gevad's Book Boutique.
 54807 | Elf:1    | Found Kicod's Jewellery Shoppe.
 54813 | Elf:1    | Bought the ring of Ascent {Dex+6 SInv Stlth+} for 650 gold
                  | pieces
 54825 | Elf:1    | Bought a ring of willpower for 325 gold pieces
 55571 | Elf:2    | Reached XP level 21. HP: 151/151 MP: 16/30
 55575 | Elf:2    | Found Byzid's Book Emporium.
 55582 | Elf:2    | Reached skill level 5 in Stealth
 55733 | Elf:2    | Found a runed translucent gate.
 55733 | Elf:2    | Found a runed translucent gate.
 55741 | Elf:2    | Found a runed translucent gate.
 56097 | Elf:2    | Found Ycuithrat's Jewellery Shoppe.
 56438 | Elf:3    | Entered Level 3 of the Elven Halls
 56563 | Elf:3    | Found Meuplumu's Book Shop.
 56568 | Elf:3    | Found Neutuxzu's Armour Shop.
 56892 | Elf:3    | Noticed Louise
 56895 | Elf:3    | Killed Louise
 57147 | Elf:3    | Paralysed by an air elemental for 1 turns
 57353 | Elf:3    | Found a runed translucent gate.
 57354 | Elf:3    | Found a runed translucent gate.
 57355 | Elf:3    | Found a runed translucent gate.
 57356 | Elf:3    | Noticed Pooter's ghost (adept MiMo)
 57921 | Elf:3    | Identified the amulet "Sysmiakk" {RegenMP Harm Int+3 SInv}
 58212 | Elf:3    | Identified the +9 hand axe of Infinity {vorpal, rPois
                  | Str+4}
 58311 | Elf:3    | Identified the +7 short sword of Quick Death {vorpal, rF+
                  | rN+}
 58314 | Elf:3    | Reached skill level 8 in Stealth
 58420 | Elf:3    | Identified the +6 great mace of the Rescuing Mosquito
                  | {elec, Str+2}
 58702 | Elf:3    | Got the Spellbook of Hurting and Fire
 58875 | Elf:3    | Killed Pooter's ghost
 58881 | Elf:3    | Identified the ring "Balur" {*Slow rElec MP+9 Dex+4 Stlth+}
 58888 | Elf:3    | Identified the +2 barding of Fiazuosm {Dex+3}
 59270 | Depths:1 | Entered Level 1 of the Depths
 59333 | Depths:1 | Noticed Sojobo
 59338 | Depths:1 | Killed Sojobo
 60164 | Depths:1 | Identified the +5 short sword "Sicel" {vorpal, rC+}
 60441 | Depths:1 | Found a shimmering blue altar of Sif Muna.
 60640 | Depths:1 | Reached XP level 22. HP: 160/160 MP: 33/33
 60746 | Depths:1 | Found a gateway to Hell.
 61024 | Depths:2 | Reached skill level 8 in Spellcasting
 61046 | Depths:2 | Found a one-way gate leading to the halls of Pandemonium.
 62664 | Depths:2 | Noticed a caustic shrike
 62666 | Depths:2 | Killed a caustic shrike
 62669 | Depths:2 | Noticed a golden dragon
 62673 | Depths:2 | Killed a golden dragon
 62975 | Depths:3 | Learned a level 2 spell: Blink
 63002 | Depths:3 | Noticed a caustic shrike
 63002 | Depths:3 | Noticed a caustic shrike
 63002 | Depths:3 | Noticed a caustic shrike
 63002 | Depths:3 | Noticed a caustic shrike
 63002 | Depths:3 | Noticed a caustic shrike
 63005 | Depths:3 | Killed a caustic shrike
 63005 | Depths:3 | Killed a caustic shrike
 63009 | Depths:3 | Killed a caustic shrike
 63011 | Depths:3 | Killed a caustic shrike
 63011 | Depths:3 | Killed a caustic shrike
 63059 | Depths:3 | Reached XP level 23. HP: 139/168 MP: 6/36
 63117 | Depths:3 | Found a magical portal.
 63122 | WizLab   | Entered The Roulette of Golubria
 63122 | WizLab   | Found a transporter.
 63305 | Depths:3 | You are sucked into a shaft and drop 1 floor!
 63305 | Depths:4 | Entered Level 4 of the Depths
 63313 | Depths:4 | Noticed an ancient lich
 63315 | Depths:4 | Killed an ancient lich
 63316 | Depths:4 | Reached skill level 10 in Spellcasting
 63428 | Depths:4 | Found a one-way gateway to a ziggurat.
 63601 | Depths:4 | Noticed Parghit
 63605 | Depths:4 | Killed Parghit
 64197 | Elf:1    | Bought a ring of protection from cold for 325 gold pieces
 64268 | Elf:2    | Bought a ring of protection from fire for 325 gold pieces
 64660 | Vaults:5 | Entered Level 5 of the Vaults
 64666 | Vaults:5 | Noticed a golden dragon
 64668 | Vaults:5 | Killed a golden dragon
 64742 | Vaults:5 | Noticed an ancient lich
 64742 | Vaults:5 | Noticed a golden dragon
 64745 | Vaults:5 | Killed an ancient lich
 64749 | Vaults:5 | Killed a golden dragon
 64750 | Vaults:5 | Reached skill level 18 in Unarmed Combat
 64753 | Vaults:4 | Reached skill level 18 in Fighting
 64753 | Vaults:4 | Reached skill level 18 in Dodging
 64920 | Vaults:5 | Paralysed by a floating eye for 3 turns
 64921 | Vaults:5 | HP: 2/171 [stone giant (32)]
 64921 | Vaults:5 | Demolished by a titan

Illustrated notes

Levels and vault maps discovered:
D:1:      reono_arrival_mine, layout_loops_ring
D:2:      layout_loops_ring, serial_aquarium, aquarium_bridge_square
          [aquarium_subvault_bridge, aquarium_subvault_wall,
          aquarium_subvault_window, aquarium_subvault_bridge],
          aquarium_window_1, aquarium_window_2, aquarium_window_fake,
          aquarium_view_2d, aquarium_pool_split, serial_shops, shop,
          chequers_garden, chequers_serial_rivers_micro_d
D:3:      layout_basic, amcnicky_altar_gilded,
          hellmonk_ecumenical_altar_heavens_door
D:4:      nicolae_cairo_tiling, layout_basic, nicolae_overflow_crystal_walls,
          dancing_weapons_uskayaw, minmay_temple_entry_glassed_door,
          grunt_ministairs_5, uniq_duvessa
D:5:      layout_cave_pods, uniq_ijyb, uniq_prince_ribbit1, uniq_edmund,
          uniq_grinder
D:6:      layout_cave_pools, nicolae_ashenzari_panopticon,
          hangedman_abyss_or_decor_jellyfish_corner, uniq_sigmund
D:7:      nzn_winding_woodlands_medium [nzn_winding_woodlands_hourglass,
          nzn_winding_woodlands_5x15_pathside_ponds,
          nzn_winding_woodlands_5x5_default,
          nzn_winding_woodlands_5x5_perimeter,
          nzn_winding_woodlands_center_triple_pond,
          nzn_winding_woodlands_5x5_default, nzn_winding_woodlands_5x5_default,
          nzn_winding_woodlands_5x15_sidewinder,
          nzn_winding_woodlands_5x5_checkerboard], layout_basic,
          mainiacjoe_overflow_boulevard
D:8:      layout_basic, serial_rivers, chequers_serial_rivers_large_a,
          chequers_serial_rivers_room_a, chequers_serial_rivers_micro_b,
          chequers_serial_rivers_large_b, chequers_serial_rivers_small_3,
          uniq_maggie
D:9:      layout_basic, trog_wizard, overflow_temple_1_default,
          mainiacjoe_overflow_six_doors_small, david_orc_1_choice, minivault_22,
          minmay_misc_feat_encased, st_stairs_3, minmay_nine_imps
D:10:     layout_small_grid, grunt_lair_entry_orc_guard_hut
D:11:     layout_loops_cross, gammafunk_ghost_hydra_chop, corexii_checkpoint_b
D:12:     layout_long_grid, uniq_frances
D:13:     layout_big_octagon, enter_trove_3, serial_shops,
          nicolae_shop_advertising_works [nicolae_subvault_shop_adworks],
          chequers_serial_rivers_micro_a
D:14:     layout_loops_ring, david_vaults_3, minmay_crystal_water,
          item_on_display_a, uniq_kirke
D:15:     hangedman_depths_entry_civil_slaughter, layout_irregular_city,
          yredelemnul_altar_generic
Temple:   dpeg_chambers_temple
Lair:1:   layout_regular_city, grunt_megastairs_5, lemuel_fruit_fields
Lair:2:   layout_cave_pods, lightli_volcano_entry_magma_tube
Lair:3:   layout_layer_cave, spider_nest_entry_funnel_web,
          nicolae_lair_run_with_the_wolves, grunt_megastairs_2,
          serial_bayou_shore_b
Lair:4:   gammafunk_cloud_chamber, layout_regular_city,
          minmay_swamp_entry_reptiles, gammafunk_ghost_arena, st_stairs_5
Lair:5:   layout_hall_layers, chequers_serial_rivers_small_3,
          minmay_lair_oklob_bushes, st_stairs_6, grunt_megastairs_3, uniq_rupert
Lair:6:   hellmonk_lair_end_abyssal_woods, layout_gridlike,
          minmay_slime_entry_oklob_open, serial_bayou_pond_e
Swamp:1:  nicolae_swamp_tree_isthmus, layout_basic_swamp,
          evilmike_swamp_ruin_wall, swamp_pool1
Swamp:2:  layout_basic_swamp, evilmike_swamp_ruin_house_5
Swamp:3:  layout_basic_swamp, nicolae_swamp_rocky_clearing
Swamp:4:  swamp_icy, layout_basic_swamp, nicolae_swamp_super_fun_site
Spider:1: layout_spider_delve, uniq_roxanne
Spider:2: layout_spider_delve
Spider:3: layout_cave_pods, nicolae_spider_circle_web, drop_trap,
          nicolae_spider_nooks_and_crannies
Spider:4: spider_rune_water, uniq_mara, uniq_agnes, uniq_arachne
Orc:1:    layout_caves, bh_open_orc_temple, uniq_erolcha
Orc:2:    st_orc_congregation, layout_caves, serial_shops, statue_bzr,
          minmay_orc_temple_a
Elf:1:    layout_onion_city, serial_shops, nicolae_lakefront_shop,
          hangedman_corner_corridor, minmay_shop_grove
Elf:2:    elven_hall_of_blades_hangedman_original
          [nicolae_blade_entry_floor_patterns], layout_rooms, lemuel_elevator,
          minmay_shoptagon, uniq_azrael
Elf:3:    grunt_elf_hall_asides, layout_loops_corners,
          gammafunk_ghost_tricky_traps, minmay_shop_star, uniq_louise
Vaults:1: v_alt_pattern_4, ontoclasm_vaults_spin, st_smaller_cells,
          vaults_room_ringed_pool, hangedman_vaults_slice, v_misc_14,
          ontoclasm_vaults_hangar, hangedman_vaults_stitches, vaults_room_pool,
          v_misc_18, ontoclasm_vaults_tryst, hangedman_vaults_pinch,
          layout_vaults_omnibox
Vaults:2: v_alt_pattern_6, minmay_crypt_entry_nasty_monster, grunt_vaults_swirl,
          ontoclasm_vaults_fault, nicolae_vaults_little_ls,
          hangedman_vaults_cutoff, v_misc_1, hangedman_vaults_impose,
          nicolae_vaults_statue_guard, nicolae_vaults_network_periphery,
          nicolae_vaults_angled_halls, v_misc_27, layout_vaults_ring
Vaults:3: nicolae_vaults_theta, v_misc_23, vaults_dpeg_doors,
          hangedman_vaults_river_flow, v_misc_26, vaults_dpeg_encased_lava,
          hangedman_vaults_trim, layout_vaults_omnigrid, uniq_zenata
Vaults:4: hangedman_vaults_hat, grunt_vaults_trifunnel,
          nicolae_vaults_specimen_jars, v_misc_2, hangedman_vaults_slice,
          hangedman_vaults_impose, vaults_room_semicircle, vaults_room_pools,
          v_misc_24, nicolae_vaults_rhombus_5, v_misc_12,
          nicolae_vaults_alarming, layout_vaults_big_room, serial_shops,
          nicolae_shop_stone
Vaults:5: serial_shops
Depths:1: layout_roguey, grunt_metal_band, led_sif_pool, uniq_sojobo
Depths:2: kennysheep_snake, layout_cave_pools, hell_entry, pan_entry,
          chequers_serial_rivers_micro_e, serial_sigils_hangedman_writhe,
          infiniplex_staircase_river
Depths:3: cheibrodos_spurs, layout_honeycomb, kennysheep_donut, abyss_entry,
          hell_entry, mu_enter_wizlab_1, tgw_xom
Depths:4: evilmike_zot_entry_basic, layout_basic, enter_ziggurat_c, hell_entry,
          pan_entry, chequers_serial_rivers_room_b, lightli_minifort,
          uniq_parghit

Skill      XL: |  1  2  3  4  5  6  7  8  9 10 11 12 13 14 15 16 17 18 19 20 21 22 23 |
---------------+----------------------------------------------------------------------+-----
Stealth        | 1 2 3 4 9 |  9.0
Poison Magic   | 1 2 |  2.0
Fighting       | 2 3 5 6 8 9 10 11 13 15 16 17 18 | 18.0
Unarmed Combat | 4 5 6 8 9 10 11 13 15 16 17 18 | 18.0
Dodging        | 3 4 5 7 8 9 10 11 13 15 16 17 18 | 18.0
Transmutations | 4 5 10 13 15 | 15.0
Ice Magic      | 3 5 |  5.0
Invocations    | 3 7 10 12 13 | 13.0
Earth Magic    | 8 9 |  9.0
Air Magic      | 3 9 12 13 14 | 14.0
Translocations | 5 9 10 | 10.7
Spellcasting   | 4 5 7 9 10 | 10.0
Shields        | 4 6 |  6.0

Action                   |  1- 3 |  4- 6 |  7- 9 | 10-12 | 13-15 | 16-18 | 19-21 | 22-24 || total
-------------------------+-------+-------+-------+-------+-------+-------+-------+-------++-------
Melee: Unarmed           |    57 |    90 |   203 |   426 |   706 |   629 |   812 |   417 ||  3340
       Constrict         |    16 |     7 |     6 |     1 |     3 |    80 |    45 |       ||   158
       Kick              |    17 |     4 |     4 |       |       |       |       |       ||    25
       Tentacles         |    10 |    10 |     2 |     2 |     4 |   122 |   122 |       ||   272
       Punch             |     2 |     1 |     2 |       |     3 |    68 |    83 |     6 ||   165
 Cast: Beastly Appendage |    31 |    18 |     6 |       |       |       |       |       ||    55
       Wereblood         |       |     1 |     8 |    11 |    14 |     4 |    10 |       ||    48
       Spider Form       |       |    10 |    30 |     7 |       |       |       |       ||    47
       Ice Form          |       |       |     8 |    73 |   138 |       |       |       ||   219
       Statue Form       |       |       |       |       |    10 |   130 |    55 |       ||   195
       Irradiate         |       |       |       |       |     3 |     7 |     1 |       ||    11
       Storm Form        |       |       |       |       |       |    35 |    84 |    62 ||   181
       Manifold Assault  |       |       |       |       |       |       |   138 |   195 ||   333
Invok: Slouch            |       |       |       |     2 |    19 |    20 |    12 |     3 ||    56
       Step From Time    |       |       |       |       |     1 |     3 |     1 |       ||     5
 Abil: Blinkbolt         |       |       |       |       |       |     8 |       |       ||     8
Evoke: Wand              |       |       |     5 |     4 |     3 |     7 |       |       ||    19
       Condenser vane    |       |       |       |     1 |     3 |     1 |     1 |     1 ||     7
       Phantom mirror    |       |       |       |       |     1 |       |       |       ||     1
  Use: Scroll            |     2 |     2 |     9 |    10 |    16 |     5 |    11 |     1 ||    56
       Potion            |       |     1 |     3 |     3 |     4 |     2 |     6 |     4 ||    23
 Stab: Sleeping          |    13 |     7 |     8 |     5 |     8 |     5 |     3 |       ||    49
       Petrified         |       |       |       |       |     5 |       |       |       ||     5
       Invisible         |       |       |       |       |     2 |     1 |       |       ||     3
       Distracted        |       |       |       |       |     1 |     1 |     1 |       ||     3
Armor: Skin              |     3 |    10 |    11 |    74 |   118 |   370 |   198 |     7 ||   791
Dodge: Dodged            |    31 |    40 |   192 |   411 |   735 |  1697 |   878 |   217 ||  4201
Block: Buckler           |       |       |       |       |       |   188 |   163 |       ||   351

Table legend: (Time is in decaauts)
 A = Elapsed time spent in this place.
 B = Non-inter-level travel time spent in this place.
 C = Inter-level travel time spent in this place.
 D = Time resting spent in this place.
 E = Time spent auto-exploring this place.
 F = Levels seen in this place.
 G = Mean time per level.
                   A        B        C        D        E       F      G
               +--------+--------+--------+--------+--------+-----+--------+
         Total |  94605 |  84430 |  10175 |  14233 |  54050 |  46 | 2056.6 |
       Dungeon |  28315 |  24164 |   4151 |   2838 |  15946 |  15 | 1887.7 |
        Temple |    171 |    155 |     16 |      0 |    133 |   1 |  171.0 |
          Lair |  16707 |  14931 |   1776 |   2966 |   9928 |   6 | 2784.5 |
         Swamp |   7305 |   6958 |    347 |    671 |   4331 |   4 | 1826.2 |
   Spider Nest |   9420 |   8812 |    608 |   3124 |   4093 |   4 | 2355.0 |
  Orcish Mines |   5596 |   4541 |   1055 |   1607 |   2091 |   2 | 2798.0 |
   Elven Halls |   8589 |   7613 |    976 |    993 |   5433 |   3 | 2863.0 |
        Vaults |  12283 |  11294 |    989 |    998 |   8728 |   5 | 2456.6 |
        Depths |   5778 |   5524 |    254 |    952 |   3365 |   4 | 1444.5 |
        Bazaar |    349 |    349 |      0 |      0 |      0 |   1 |  349.0 |
        Wizlab |     88 |     88 |      0 |     82 |      0 |   1 |   88.0 |
               +--------+--------+--------+--------+--------+-----+--------+

Top non-repeatable levels by time:
  Lair:3: 5602 daAuts
Spider:3: 4058 daAuts
     D:9: 3832 daAuts
   Elf:3: 3716 daAuts
Vaults:2: 3325 daAuts
   Orc:1: 3242 daAuts
   Elf:1: 3224 daAuts
Vaults:1: 3174 daAuts
 Swamp:4: 3128 daAuts
Vaults:4: 3059 daAuts
Depths:2: 2830 daAuts
     D:5: 2783 daAuts
Vaults:3: 2701 daAuts
Spider:1: 2628 daAuts
  Lair:5: 2608 daAuts
